 Dungeon Crawl Stone Soup version 0.27.1-2-g3b301248ec (webtiles) character file.

Game seed: 12722816156918299101

47 DoubleLucky the Caller (level 3, -2/21 HPs)
             Began as a Tengu Summoner on Sept 26, 2021.
             Slain by an iguana (10 damage)
             ... on level 4 of the Dungeon.
             The game lasted 00:11:19 (2611 turns).

DoubleLucky the Caller (Tengu Summoner)             Turns: 2611, Time: 00:11:19

Health: -2/21      AC:  4    Str:  9    XL:     3   Next: 70%
Magic:  1/7        EV: 15    Int: 15    God:
Gold:   586        SH:  0    Dex: 14    Spells: 0/6 levels left

rFire    . . .     SeeInvis .   h - +0 spear
rCold    . . .     Faith    .   (no shield)
rNeg     . . .     Spirit   .   l - +0 leather armour
rPois    .         Reflect  .   (helmet restricted)
rElec    .         Harm     .   p - +0 cloak
rCorr    .         Rampage  .   (no gloves)
Will     .....                  (boots unavailable)
Stlth    ++........             (no amulet)
HPRegen  0.07/turn              (no ring)
MPRegen  0.10/turn              g - +4 ring of evasion

@: no status effects
A: beak, talons 3
a: no special abilities


You were on level 4 of the Dungeon.
You visited 1 branch of the dungeon, and saw 4 of its levels.

You collected 610 gold pieces.
You spent 24 gold pieces at shops.

Inventory:

Hand Weapons
 c - a +0 trident
 h - a +0 spear (weapon)
Missiles
 j - 9 stones
Armour
 l - a +0 leather armour (worn)
 p - a +0 cloak (worn)
Jewellery
 g - a +4 ring of evasion (right hand)
 m - a ring of fire
Wands
 n - a wand of iceblast (7)
Scrolls
 b - 2 scrolls of vulnerability
 d - 5 scrolls of magic mapping
 e - a scroll of enchant weapon
 f - a scroll of blinking
 i - a scroll of amnesia {unknown}
Potions
 k - 3 potions of heal wounds
 o - a potion of curing


   Skills:
 + Level 1.7 Fighting
 + Level 1.5 Polearms
 - Level 2.1 Dodging
 - Level 2.0 Stealth
 - Level 2.0 Spellcasting
 + Level 5.4 Summonings


You couldn't memorise any spells.
You knew the following spells:

 Your Spells              Type           Power      Damage    Failure   Level
a - Summon Small Mammal   Summ           68%        N/A       3%          1
b - Call Imp              Summ           17%        N/A       4%          2
c - Call Canine Familiar  Summ           17%        N/A       10%         3

Your spell library contained the following spells:

 Spells                   Type           Power      Damage    Failure   Level
 Summon Guardian Golem    Hex/Summ       9%         N/A       30%         3
 Stone Arrow              Conj/Erth      2%         3d7       67%         3
 Summon Lightning Spire   Summ/Air       9%         N/A       71%         4
 Bolt of Magma            Conj/Fire/Erth 0%         4d4       100%        5
 Shatter                  Erth           0%         3d5*      100%        9


Dungeon Overview and Level Annotations

Branches:
Dungeon (4/15)
 Temple: D:4-7

Altars:
Trog
Beogh

Shops:
D:2 *


Innate Abilities, Weirdness & Mutations

You have a beak for a mouth.
You have claws for feet.


Message History

The iguana completely misses you.
Your crimson imp closely misses the iguana.
Your crimson imp blinks!
You see here 10 gold pieces.
Your crimson imp hits the iguana but does no damage.
You hit the iguana but do no damage. You claw the iguana, but do no damage.
Your peck misses the iguana. The iguana closely misses you.
Your crimson imp completely misses the iguana.
The iguana barely misses you.
You closely miss the iguana. You claw the iguana. You peck the iguana.
The iguana is lightly wounded.
Your crimson imp barely misses the iguana.
Your rat barely misses the iguana.
Your crimson imp hits the iguana but does no damage.
The iguana barely misses you.
You hit the iguana but do no damage. Your peck misses the iguana.
The iguana is lightly wounded.
Your crimson imp barely misses the iguana.
Your rat barely misses the iguana.
Your crimson imp barely misses the iguana.
The iguana closely misses you.
You hit the iguana.
The iguana is moderately wounded.
Your crimson imp barely misses the iguana.
Your rat barely misses the iguana.
Your crimson imp hits the iguana but does no damage.
The iguana bites you!
Ouch! That really hurt!
Your crimson imp hits the iguana but does no damage.
Your rat bites the iguana but does no damage.
Your magical contamination has completely faded away.
Press: ? - help, v - describe, . - travel
Here: an iguana (moderately wounded, ally target)
The floor.
Your crimson imp hits the iguana but does no damage.
The iguana closely misses you.
You swap places.
Your crimson imp hits the iguana but does no damage.
Your rat closely misses the iguana.
The iguana bites you!
You die...

######
###....#
###......#
##.....rl.#
#......@55#
<.........#
.......$..#
......?<.##
.........#
.........#
........##
........#
........#


You could see an iguana (ally target), 2 friendly crimson imps and a friendly
rat (summoned).

Vanquished Creatures
  A worm (D:3)
  An orc (D:3)
  2 endoplasms
  A giant cockroach (D:3)
  3 goblins
  A hobgoblin (D:1)
  2 quokkas (D:3)
  A ball python (D:3)
  4 bats
  3 rats (D:1)
19 creatures vanquished.

Vanquished Creatures (collateral kills)
  A gnoll (D:1)
  An adder (D:2)
  A worm (D:3)
  A dart slug (D:3)
  An orc (D:3)
  A giant cockroach (D:1)
  2 hobgoblins (D:3)
  A ball python (D:1)
  5 kobolds
  A rat (D:3)
15 creatures vanquished.

Grand Total: 34 creatures vanquished

Notes
Turn   | Place    | Note
-------+----------+-------------------------------------------
     0 | D:1      | DoubleLucky the Tengu Summoner began the quest for the Orb.
     0 | D:1      | Reached XP level 1. HP: 10/10 MP: 4/4
   108 | D:1      | Reached skill level 5 in Summonings
   269 | D:1      | Reached XP level 2. HP: 16/16 MP: 6/6
   422 | D:1      | Reached skill level 1 in Fighting
   904 | D:2      | Learned a level 2 spell: Call Imp
   920 | D:2      | Reached skill level 1 in Polearms
  1280 | D:2      | Reached XP level 3. HP: 20/20 MP: 5/7
  1342 | D:2      | Found a bloodstained altar of Trog.
  1576 | D:2      | Found Simiw's General Store.
  1592 | D:2      | Bought a scroll of identify for 24 gold pieces
  1595 | D:2      | Identified a scroll of acquirement
  1902 | D:3      | Acquired 424 gold pieces
  2341 | D:3      | Learned a level 3 spell: Call Canine Familiar
  2353 | D:3      | Found a faded altar of an unknown god.
  2611 | D:4      | Slain by an iguana

Illustrated notes

Levels and vault maps discovered:
D:1:      co_arrival_square_in_a_square_in_a_square, layout_rooms,
          kennysheep_boxes
D:2:      layout_rooms, serial_shops, nicolae_lakefront_shop, basic_altar
D:3:      layout_loops_ring, hellmonk_ecumenical_altar_defaced_shrine
D:4:      layout_cave_pods, mainiacjoe_overflow_cross_hatched,
          minmay_temple_entry_enclosed_plants, serial_shops, shop

Skill      XL: |  1  2 |
---------------+-------+-----
Summonings     | 5 |  5.4
Fighting       | 1 |  1.7
Polearms       | 1 |  1.5
Dodging        | |  2.1
Stealth        | |  2.0
Spellcasting   | |  2.0

Action                   || total
-------------------------++-------
Melee: Trident           ||     9
       Peck              ||     4
       Unarmed           ||     1
       Spear             ||    63
       Kick              ||     8
 Cast: Summon Small Mamm ||    27
       Call Imp          ||     8
  Use: Scroll            ||     7
 Stab: Sleeping          ||     3
       Distracted        ||     1
Armor: Robe              ||    12
Dodge: Dodged            ||    38
